[Event "*** Titled Tuesday 3|2 Blitz"]
[Site "Chess.com"]
[Date "2016.05.03"]
[Round "3"]
[White "Alexander_Donchenko"]
[Black "vovkcoach"]
[Result "0-1"]
[WhiteElo "2643"]
[BlackElo "2532"]
[TimeControl "180+2"]
[EndTime "11:36:59 PDT"]
[Termination "vovkcoach won by resignation"]

1. d4 Nf6 2. c4 e6 3. g3 Bb4+ 4. Bd2 a5 5. Bg2 O-O 6. e4 d6 7. Ne2 e5 8. O-O Re8 9. Bg5 exd4 10. Qxd4 Nc6 11. Qd3 Ne5 12. Qc2 h6 13. Bf4 Bg4 14.
h3 Be6 15. b3 Qd7 16. Kh2 b5 17. cxb5 Qxb5 18. Nd4 Qd3 19. Qxd3 Nxd3 20. Nxe6 fxe6 21. Be3 Rab8 22. Nd2 d5 23. Rfd1 c5 24. exd5 exd5 25. Nb1 c4 26. bxc4 dxc4 27. a3 Bd6 28. Ra2 Ne4 29.
Bd4 Rbd8 30. Nc3 Nxc3 31. Bxc3 Bc7 32. Rc2 Bb6 33. Rb1 Rd6 34. Rb5 Bxf2 35. Bd5+ Kh7 36. Bxc4 Re3 37. Bxd3+ Rdxd3 38. Rxf2 Rxc3 39. Rxa5 Rxg3 40.
h4 Rh3+ 41. Kg1 Rxh4 42. Ra2 Rg4+ 43. Kf1 Rc1+ 44. Kf2 Rcg1 45. Re2 R4g2+ 46. Ke3 Rxe2+ 47. Kxe2 Ra1 48. Kf2 g5 49. Kg3 Kg6 50. Kg4 h5+ 51. Kh3 h4 52. Kg4 Rg1+ 53. Kf3 h3 54. Ra6+ Kh5 55. Ra8 g4+ 56. Kf2 Rg2+ 57. Kf1 Ra2 58. Kg1 Kh4 59. a4 Kg3 60. Kf1 h2 0-1

[Event "*** Titled Tuesday 3|2 Blitz"]
[Site "Chess.com"]
[Date "2016.05.03"]
[Round "3"]
[White "kikydu96"]
[Black "stuffings101"]
[Result "1-0"]
[WhiteElo "2297"]
[BlackElo "2107"]
[TimeControl "180+2"]
[EndTime "11:37:02 PDT"]
[Termination "kikydu96 won by resignation"]

1. b3 Nf6 2. Bb2 g6 3. e3 Bg7 4. Nf3 O-O 5. Be2 d6 6. O-O e5 7. c4 Re8 8. d3 Nbd7 9. Nbd2 c6 10. h3 a6 11. a3 b6 12. b4 Bb7 13. Qb3 Qe7 14. a4 a5 15. bxa5 Rxa5 16. Bc3 Ra7 17. Rfb1 Rb8 18. Bf1 Ba8 19. d4 exd4 20. exd4 h5 21. Re1 Qf8 22. Ng5 d5 23. Ndf3 Re8 24. Ne5 Nxe5 25. dxe5 Ne4 26. Nxe4 dxe4 27. Rxe4 c5 28.
Ree1 Re6 29. a5 bxa5 30. f4 Kh7 31. Rxa5 Rxa5 32. Bxa5 Qc8 33. Qg3 Ra6 34. Bc3 Ra3 35. Re3 Qb7 36. e6 Rxc3 37. Rxc3 Bxc3 38. Qxc3 fxe6 39. Qf6 Qe4 40. Qe5 Qd4+ 41. Qxd4 cxd4 42. h4 Kg7 43. g3 Kf6 44. Kf2 e5 45. fxe5+ Kxe5 46. Bd3 Be4 47. Ke2 Kf5 48. c5 Bxd3+ 49. Kxd3 Ke5 50. c6 Kd6 51. Kxd4 Kxc6 52. Ke5 Kd7 53. Kf6 Kd6 54. Kxg6 Ke6 55. Kxh5 1-0

[Event "*** Titled Tuesday 3|2 Blitz"]
[Site "Chess.com"]
[Date "2016.05.03"]
[Round "3"]
[White "Ksenia_Legenko"]
[Black "Iwannabetheguy"]
[Result "0-1"]
[WhiteElo "2041"]
[BlackElo "2001"]
[TimeControl "180+2"]
[EndTime "11:37:04 PDT"]
[Termination "Iwannabetheguy won by resignation"]

1. d4 c5 2. e3 Nf6 3. Nf3 g6 4. c4 Bg7 5. Nc3 O-O 6. Be2 d6 7. O-O Nc6 8. b3 Rb8 9. Bb2 a6 10. Rc1 Nd7 11. Qd2 Qa5 12. Rfd1 Re8 13. a3 e5 14. dxe5 dxe5 15. Nd5 e4 16. Ne1 Qxd2 17. Rxd2 Bxb2 18. Rxb2 Nde5 19. Nf6+ Kf8 20. Nxe8 Kxe8 21. Rd2 Be6 22. f3 f5 23. Kf2 Ke7 24. g3 Na5 25.
Rb2 Rd8 26. Rd1 Rxd1 27. Bxd1 b5 28. cxb5 axb5 29. fxe4 fxe4 30. Ke2 c4 31. bxc4 bxc4 32. Rb5 Nac6 33. Bc2 c3 34. Bxe4 Bc4+ 35. Bd3 Nxd3 36. Rb7+ Kd6 37. Nxd3 Ne5 38. a4 Nxd3 39. Kd1 Nc5 40.
Rb4 Bd3 41. a5 Kc6 42. Kc1 Kd5 43. Rd4+ Kc6 44. Rb4 Be4 45. Kd1 c2+ 46. Kd2 c1=Q+ 47. Kxc1 Nd3+ 48. Kd2 Nxb4 49. Kc3 Kb5 50. Kd4 Bb1 51.
e4 Kxa5 52. e5 Kb6 53. Kc4 Nc6 54. Kd5 Kc7 55. e6 Ba2+ 56. Ke4 Bxe6 57. Kf4 Kd7 58.
Kf3 Ke7 59. Kf4 Kf6 60. Kf3 Kg5 61. h4+ Kh5 62. Kf4 Ne7 63. Kf3 Nf5 64. Kf4 Nxh4 65. gxh4 Kxh4 0-1

[Event "*** Titled Tuesday 3|2 Blitz"]
[Site "Chess.com"]
[Date "2016.05.03"]
[Round "3"]
[White "Aygehovit1992"]
[Black "AvitalBor"]
[Result "0-1"]
[WhiteElo "2496"]
[BlackElo "2360"]
[TimeControl "180+2"]
[EndTime "11:37:17 PDT"]
[Termination "AvitalBor won by resignation"]

1. e4 c5 2. Nf3 d6 3. d4 cxd4 4. Nxd4 Nf6 5. Nc3 a6 6. h3 e5 7. Nde2 h5 8. Ng1 Nbd7 9. Nf3 Be7 10. Bc4 b5 11. Bd5 Nxd5 12. Nxd5 Bb7 13. O-O Nf6 14.
Nxf6+ Bxf6 15. Qd3 Rc8 16. Rd1 O-O 17. c3 Rc4 18. Nd2 Rc6 19. Nf3 Qe7 20. Be3 Rd8 21. a4 Rc4 22. axb5 Rxe4 23. bxa6 Ba8 24. a7 d5 25. Qb5 g5 26. Nd2 Rh4 27. Nf3 Rc4 28.
Ra6 g4 29. Rxf6 Qxf6 30. Bg5 Qg6 31. Nxe5 Qxg5 32. Nxc4 gxh3 33. Ne3 hxg2 34. Qb8 Kh7 35. Rd4 Rg8 36. Qc7 Qg6 37. Qe7 Bc6 38. Qe5 Ba4 39. Nf5 Bd7 40. Rxd5 Qa6 41. Ne3 Bg4 42.
Qe4+ Rg6 43. Nxg4 hxg4 44. Rd1 Qxa7 45. Qxg2 Kg7 46. Qd5 Rf6 47. Qd4 Qa2 48. Rd2 Qb1+ 49. Kg2 Qf5 50. Rd3 Kg6 51. Rg3 Kh5 52. Qe3 Qd5+ 53. Kh2 Re6 54. Qf4 f5 55. Qb8 Rh6 56. Kg1 Kg5 57. f4+ Kh4 58. Kh2 Qd2+ 59. Rg2 Qe3 60. Qe5 g3+ 61. Kh1 Kg4+ 0-1

[Event "*** Titled Tuesday 3|2 Blitz"]
[Site "Chess.com"]
[Date "2016.05.03"]
[Round "3"]
[White "ZivkovicN"]
[Black "AdrianaNikolova"]
[Result "1-0"]
[WhiteElo "2392"]
[BlackElo "2232"]
[TimeControl "180+2"]
[EndTime "11:37:19 PDT"]
[Termination "ZivkovicN won on time"]

1. e4 c5 2. Nf3 Nc6 3. Bb5 d6 4.
Bxc6+ bxc6 5. h3 Nf6 6. Nc3 e5 7. O-O g6 8. Re1 Bg7 9. d3 O-O 10. Ne2 Rb8 11. b3 Re8 12. Bb2 h6 13. Ng3 Kh7 14.
c3 d5 15. exd5 Qxd5 16. c4 Qd8 17. Bxe5 Rb7 18. Qc2 Be6 19. d4 cxd4 20. Nxd4 c5 21. Nxe6 Rxe6 22. Bc3 Rbe7 23. Rxe6 Rxe6 24. Rd1 Rd6 25.
Rxd6 Qxd6 26. Qd2 Qe6 27. Qe2 Qd7 28. Nf1 Qf5 29. Qb2 Nh5 30. Bxg7 Nxg7 31. Ne3 Qe4 32. a3 Ne6 33. Nd5 Qd4 34. Qxd4 Nxd4 35. b4 cxb4 36. axb4 Kg7 37. Kf1 Kf8 38. Ke1 Ke8 39. Kd2 Kd7 40. Kd3 Ne6 41. Nf6+ Ke7 42. Nd5+ Kd6 43. g3 h5 44. h4 Ng7 45. Nc3 Ne6 46. c5+ Kc6 47. Kc4 Nc7 48. b5+ Kd7 49. Nd5 Ne6 50. b6 axb6 51.
Nxb6+ Kc6 52. Na4 f6 53. f3 g5 54. Kd3 gxh4 55. gxh4 Kd5 56. Nc3+ Kxc5 57. Ne4+ Kc6 58.
Nxf6 Ng7 59. Ke4 Kd6 60. Kf4 Ne6+ 61. Kf5 Nd4+ 62. Ke4 1-0

[Event "*** Titled Tuesday 3|2 Blitz"]
[Site "Chess.com"]
[Date "2016.05.03"]
[Round "3"]
[White "GMG"]
[Black "MinhGTrAn"]
[Result "0-1"]
[WhiteElo "2443"]
[BlackElo "2634"]
[TimeControl "180+2"]
[EndTime "11:37:25 PDT"]
[Termination "MinhGTrAn won by resignation"]

1. d4 Nf6 2. Nf3 e6 3. c4 b6 4. Bf4 Bb7 5. e3 Be7 6. h3 O-O 7. Nc3 Bb4 8. Bd3 Bxc3+ 9. bxc3 Be4 10. Be2 d6 11. O-O Bb7 12. Nd2 Qe7 13. Bh2 e5 14. f3 exd4 15. exd4 Qe3+ 16. Kh1 Qxc3 17. Bg1 Nbd7 18. Rc1 Qa5 19. Nb3 Qg5 20. Qd2 Qxd2 21. Nxd2 Rfe8 22. Bd3 Nh5 23. Rfe1 g6 24. Bh2 Ndf6 25.
Kg1 Ng7 26. d5 Nd7 27. g4 Nc5 28. Bf1 Rxe1 29. Rxe1 Re8 30. Ne4 Nd7 31. Kf2 f5 32.
Nc3 Rxe1 33. Kxe1 Ba6 34. Be2 Kf7 35. a4 Ke7 36. Kd2 Nc5 37. Bf4 Kf6 38. h4 Kf7 39.
Ke3 fxg4 40. fxg4 Ne8 41. Bg5 Bc8 42. Kf4 Bd7 43. Nb5 a6 44. Nc3 Nxa4 45. Nxa4 Bxa4 46.
Bd8 Bd7 47. g5 Bf5 48. Ke3 Bd7 49. Bd1 b5 50. cxb5 Bxb5 51. Bc2 a5 52. Kd4 a4 53.
Bb1 c5+ 54. dxc6 Bxc6 55. Ba2+ Kf8 56. Ba5 Ng7 57. Bc7 Nf5+ 58. Kc4 Ke7 59. Kb4 Nxh4 60. Bb6 Nf3 61. Be3 Nh4 62. Ka5 Nf5 63. Bf4 Bd7 64. Kb6 Be6 65. Bb1 a3 0-1

[Event "*** Titled Tuesday 3|2 Blitz"]
[Site "Chess.com"]
[Date "2016.05.03"]
[Round "3"]
[White "Bentery"]
[Black "Izoria123"]
[Result "1/2-1/2"]
[WhiteElo "2367"]
[BlackElo "2608"]
[TimeControl "180+2"]
[EndTime "11:37:29 PDT"]
[Termination "Game drawn - insufficient material"]

1. Nf3 g6 2. e4 Bg7 3. d4 d6 4. c3 Nf6 5. Bd3 O-O 6. O-O Nc6 7. d5 Nb8 8. c4 a5 9. Nc3 Na6 10. h3 c6 11. Be3 Nd7 12. Qd2 Nac5 13.
Bc2 a4 14. Bh6 Nb6 15. Bxg7 Kxg7 16. b4 axb3 17. axb3 Rxa1 18. Rxa1 Na6 19. dxc6 bxc6 20. e5 dxe5 21. Qxd8 Rxd8 22. Nxe5 Rd2 23. Be4 Nc5 24. Nxc6 Bb7 25. Bf3 Bxc6 26. Bxc6 Rb2 27. Na4 Nxb3 28. Nxb2 Nxa1 29. c5 Nc8 30. Bd7 Na7 31. c6 Nb5 32. f4 Nb3 33. Kf2 Kf6 34. Ke3 e6 35.
Nd3 Nc7 36. Ne5 Ke7 37. Nd3 Kd6 38. g4 Nc5 39. Ne5 f6 40. Nc4+ Ke7 41. Bc8 Nb3 42. Nb6 Nc5 43. Nc4 Nb3 44. Kf3 Nd4+ 45. Ke3 Nxc6 46.
h4 Nd8 47. Na5 Nf7 48. Bb7 Nd6 49. Bh1 e5 50. fxe5 fxe5 51. Nc6+ Ke6 52. Nd8+ Kf6 53.
g5+ Kf5 54. Bf3 e4 55. Be2 Nd5+ 56. Kd4 Nf4 57. Bd1 Nb5+ 58. Kc4 Nd6+ 59. Kc5 Nc8 60. Nc6 e3 61. Nd4+ Ke4 62. Bc2+ Nd3+ 63. Kc4 Nd6+ 64. Kc3 e2 65. Bxd3+ Ke3 66. Nxe2 Nf7 67. Ng3 Kf4 68. Ne4 Kg4 69. Nf6+ Kxh4 70. Nxh7 Nxg5 71. Bxg6 Nxh7 72.
Bxh7 1/2-1/2

[Event "*** Titled Tuesday 3|2 Blitz"]
[Site "Chess.com"]
[Date "2016.05.03"]
[Round "3"]
[White "Yaacovn"]
[Black "Anton_Demchenko"]
[Result "0-1"]
[WhiteElo "2553"]
[BlackElo "2651"]
[TimeControl "180+2"]
[EndTime "11:37:37 PDT"]
[Termination "Anton_Demchenko won by resignation"]

1. d4 Nf6 2. Nf3 g6 3. c4 Bg7 4.
Nc3 O-O 5. g3 d6 6. Bg2 Nbd7 7.
O-O e5 8. e3 c6 9. b3 Re8 10.
Qc2 a6 11. Ba3 e4 12. Nd2 d5 13. cxd5 cxd5 14. Na4 b5 15. Nc5 Nf8 16. Rac1 h5 17. Bb2 N8h7 18. a4 b4 19. a5 Qxa5 20. Ra1 Qd8 21. Rfc1 Ng5 22. Na4 Nh3+ 23. Kf1 Qd7 24. Nb6 Qb5+ 25. Ndc4 dxc4 26. Nxa8 c3+ 27. Ke1 cxb2 28.
Qxb2 Rd8 29. Nc7 Qf5 30. Rc5 Qg4 31. Qe2 Ng1 32. Qxg4 hxg4 33. Nxa6 Nf3+ 34. Ke2 Be6 35. Nxb4 Rb8 36. Nc6 Rxb3 37. Rc2 Nd5 38. Ra7 Nc3+ 39. Rxc3 Rxc3 40. d5 Bf5 41. Ne7+ Kh7 42. Nxf5 gxf5 43.
Rxf7 Rc2+ 44. Kd1 Rd2+ 45. Kc1 Rxd5 46. h3 Kg6 47. Rc7 gxh3 48. Bxh3 Ne1 49. g4 Nd3+ 50. Kc2 fxg4 51. Bxg4 Nxf2 52. Be2 Nh3 53. Rc4 Ng5 54. Bg4 Bf6 55. Be2 Rd6 56. Bf1 Kf5 57. Be2 Be5 58. Rc8 Rd7 59. Rf8+ Bf6 60. Ra8 Rc7+ 61. Kd2 Nf3+ 62.
Kd1 Rd7+ 63. Kc1 Rc7+ 64. Kd1 Rc3 65. Ra5+ Be5 66. Ra8 Rxe3 67. Rf8+ Bf6 68. Bb5 Ra3 69. Ke2 Nd4+ 0-1

[Event "*** Titled Tuesday 3|2 Blitz"]
[Site "Chess.com"]
[Date "2016.05.03"]
[Round "3"]
[White "Blitzstream"]
[Black "wonderfultime"]
[Result "1-0"]
[WhiteElo "2422"]
[BlackElo "2592"]
[TimeControl "180+2"]
[EndTime "11:37:53 PDT"]
[Termination "Blitzstream won by resignation"]

1. d4 d5 2. Nf3 Nf6 3. Bf4 c5 4. c3 Qb6 5. Qb3 c4 6. Qxb6 axb6 7. Nbd2 b5 8. Ne5 Bf5 9. f3 h5 10. a3 e6 11. Rc1 Nbd7 12. Nxd7 Nxd7 13. e4 Bg6 14. Be2 Nb6 15. Bd1 Be7 16. Kf2 Kd7 17. Re1 Bh4+ 18. g3 Be7 19. Bc2 Bh7 20. Be5 f6 21. Bf4 g5 22. Be3 g4 23. Re2 Rag8 24. Rce1 Bg6 25. Bf4 Bf7 26. Nf1 h4 27. fxg4 Rxg4 28. Ne3 hxg3+ 29. Bxg3 Rxe4 30. Bxe4 dxe4 31. Ng4 Bg6 32. Ne3 Bh5 33. Rd2 Bf3 34. d5 Bc5 35. dxe6+ Kxe6 36. Kf1 Rg8 37. Ng2 Nd5 38. Nh4 Ne3+ 39.
Rxe3 Bxe3 40. Rd6+ Kf7 41. Rd7+ Ke6 42. Rd6+ Kf7 43. Rd7+ Ke8 44. Rxb7 Bg4 45. Rxb5 Kf7 46. Rb7+ Ke6 47. Ng2 Bg5 48. Rb6+ Kf5 49. Rb5+ Kg6 50. h4 Bh6 51. h5+ Kh7 52. Rb7+ Kh8 53. Bh4 Rf8 54.
Rb6 Kg7 55. Rb7+ Rf7 56. Rb5 f5 57. Bf2 f4 58. Bd4+ Kh7 59. Nh4 e3 60. Rb8 Rf8 61. Rb7+ Kg8 62. Ng6 Re8 63. Ne7+ Kf7 64. Nf5+ Ke6 65.
Nxh6 Bxh5 66. Rb6+ Kd5 67. Nf5 Ke4 68. Nd6+ Kd3 69.
Nxe8 Bxe8 70. Rf6 Kd2 71. Kg1 e2 72. Bf2 Ba4 73. Rxf4 Bb3 74. Rd4+ Kc2 1-0

[Event "*** Titled Tuesday 3|2 Blitz"]
[Site "Chess.com"]
[Date "2016.05.03"]
[Round "3"]
[White "yian123"]
[Black "Zurability"]
[Result "1/2-1/2"]
[WhiteElo "2485"]
[BlackElo "2415"]
[TimeControl "180+2"]
[EndTime "11:37:58 PDT"]
[Termination "Game drawn - insufficient material"]

1. e4 d6 2. d4 Nf6 3. Nc3 e5 4. Nf3 Nbd7 5. Bc4 Be7 6. O-O O-O 7. Re1 c6 8. a4 exd4 9. Nxd4 Ne5 10. Ba2 Re8 11. h3 Ng6 12. f4 Bd7 13. Kh1 Qa5 14.
Bd2 Qh5 15. Qxh5 Nxh5 16. Nde2 Bh4 17. Rf1 Ng3+ 18. Nxg3 Bxg3 19. Rf3 Bh4 20. Rd3 Be7 21.
Rf1 Rad8 22. Kh2 Nf8 23. Be3 b6 24. Bf2 Be6 25. Bxe6 fxe6 26. a5 Nd7 27. axb6 axb6 28. Rfd1 b5 29. b3 g6 30. Ne2 e5 31. Bg3 Bf8 32.
fxe5 Nxe5 33. Rd4 Ra8 34. Bxe5 Rxe5 35. Nf4 Rae8 36. c4 bxc4 37. Rxc4 Rxe4 38. Nd3 Rxc4 39. bxc4 Re4 40. Rc1 Kg7 41. Kg1 Rd4 42. Nb4 d5 43.
Nxc6 Rxc4 44. Rxc4 dxc4 45. Kf1 Kf6 46. Ke2 Ke6 47.
Nd4+ Kd5 48. Nf3 Be7 49. g4 Bf6 50. h4 Ke4 51. Nd2+ Kd4 52. h5 g5 53. Nf3+ Ke4 54. Nd2+ Kf4 55. Nxc4 Kxg4 56. h6 Kh5 57. Nd6 g4 58.
Ne4 Bh4 59. Nc5 Kxh6 60. Nd7 Kg5 61. Ne5 h5 62. Kf1 Bg3 63. Nd3 Bd6 64. Kg2 h4 65.
Nf2 g3 66. Nh3+ Kg4 67. Nf2+ Kf5 68. Nh3 Bc5 69. Kf3 Bb6 70. Nf4 Bc7 71. Nh3 Bb8 72.
Ng1 Bc7 73. Nh3 Ba5 74. Ng1 Bd2 75. Ne2 Be1 76. Ng1 Bf2 77. Nh3 Bd4 78. Nf4 Bc5 79. Nh3 Be3 80. Kxe3 Kg4 81. Nf2+ gxf2 82. Kxf2 h3 83.
Kg1 h2+ 84. Kxh2 1/2-1/2

[Event "*** Titled Tuesday 3|2 Blitz"]
[Site "Chess.com"]
[Date "2016.05.03"]
[Round "3"]
[White "charlescandycampbell"]
[Black "DiamondCrusher22"]
[Result "1-0"]
[WhiteElo "2051"]
[BlackElo "1939"]
[TimeControl "180+2"]
[EndTime "11:38:09 PDT"]
[Termination "charlescandycampbell won on time"]

1. d4 d5 2. c4 c6 3. Nc3 Nf6 4. cxd5 cxd5 5. Nf3 Nc6 6. Bf4 a6 7. e3 e6 8. Bd3 Be7 9. O-O O-O 10. Rc1 Bd7 11. a3 Rc8 12. h3 Na5 13. Ne5 Nc4 14. Qe2 b5 15. a4 Qb6 16. axb5 axb5 17. Bg5 Be8 18. b3 Nd6 19. f3 h6 20. Bh4 b4 21.
Nb1 Bb5 22. Bxb5 Qxb5 23. Qxb5 Nxb5 24. Nc6 Bd6 25. Be1 Rc7 26. Bxb4 Rfc8 27. Bxd6 Nxd6 28. Nd2 Rxc6 29. Rb1 Rc2 30. Rfd1 Nb5 31. Ra1 Nc3 32.
Rdc1 Ne2+ 33. Kf2 Nxc1 34. Ke1 Nd3+ 35. Ke2 Nb4 36. Ra4 Nc6 37. Kd3 Ne7 38. Ra7 R8c3+ 39. Ke2 Nc6 40. Ra8+ Kh7 41. g4 Nb4 42. Rb8 Nd3 43.
Rb7 Nc1+ 44. Kd1 Rb2 45. Ke1 Rcc2 46. Nf1 Re2+ 47. Kd1 Nd3 48. Rc7 Nf2+ 49. Kc1 Re1+ 50. Kxb2 Rxf1 51. b4 Nd3+ 52. Kc2 Ne1+ 53. Kb3 Nxf3 54.
b5 Nd2+ 55. Kc2 Nde4 56. b6 Nd6 57. b7 Nxb7 58. Rxb7 Rf3 59. Rxf7 1-0

[Event "*** Titled Tuesday 3|2 Blitz"]
[Site "Chess.com"]
[Date "2016.05.03"]
[Round "3"]
[White "Kacparov"]
[Black "Hikaru"]
[Result "1-0"]
[WhiteElo "2613"]
[BlackElo "2856"]
[TimeControl "180+2"]
[EndTime "11:38:53 PDT"]
[Termination "Kacparov won by resignation"]

1. e4 e6 2. d4 d5 3. Nd2 a6 4.
Ngf3 c5 5. exd5 exd5 6. dxc5 Bxc5 7. Bd3 Ne7 8. O-O O-O 9. Nb3 Bb6 10. h3 Nbc6 11.
Bf4 Bf5 12. Bxf5 Nxf5 13. Qd3 Qf6 14. c3 Nh4 15. Nxh4 Qxf4 16. Nf5 Rfe8 17. Nfd4 Nxd4 18. Nxd4 Bxd4 19. cxd4 Re4 20. Rad1 Rae8 21. Qb3 Qd6 22. Qxb7 Rb8 23. Qa7 Rxb2 24. Rb1 Rxb1 25. Rxb1 g5 26.
Qb8+ Qxb8 27. Rxb8+ Kg7 28. Rb6 Re1+ 29. Kh2 Re2 30.
Rxa6 Rxf2 31. Ra5 Kg6 32. Rxd5 Rxa2 33. Kg3 h5 34. Kf3 Ra3+ 35. Kf2 h4 36. Rd8 Kf5 37.
Rd7 f6 38. Rd6 Rb3 39. Kg1 Rb2 40. Kf1 Rd2 41. Kg1 Kg6 42. Kf1 Kf7 43. Kg1 Ke7 44. Rd5 Ke6 45. Rd8 Ke7 46. Rd5 Kf7 47. Kf1 Ke6 48. Rd8 Kf5 49. Rd6 Ra2 50. Kg1 Kg6 51.
Kf1 Kf7 52. Kg1 Ke7 53. Rd5 Ra8 54. Kf2 Ke6 55. Rb5 Ra2+ 56. Kf3 Ra3+ 57. Kf2 Rd3 58. Rb6+ Kf5 59. Rd6 Rd2+ 60. Kf3 Rc2 61. Rb6 Rc3+ 62.
Kf2 Kg6 63. Rd6 Kf7 64. Ke2 Ke7 65. Rd5 Rb3 66. Kf2 Rb2+ 67. Kf3 Rb3+ 68. Kf2 Ra3 69.
Ke2 Ke6 70. Rb5 f5 71. Re5+ Kf6 72. Re8 Ra2+ 73. Kf3 Ra3+ 74. Kf2 Rd3 75. Rf8+ Ke6 76.
Rg8 Rg3 77. Re8+ Kf6 78. Rf8+ Kg6 79. Rg8+ Kf7 80. Rd8 Ra3 81. Rd6 Ra7 82. Rd5 Ke6 83. Re5+ Kf6 84. Rd5 Ra3 85. Rd6+ Kf7 86. Rd5 Kg6 87.
Rd6+ Kh5 88. Rf6 Ra5 89. Kf3 g4+ 90. Kf4 gxh3 91. gxh3 Ra4 92. Rxf5+ Kg6 93. Rd5 Kf6 94. Kg4 Ke6 95. Re5+ Kf6 96. Re4 Ra8 97. Rf4+ Ke6 98.
Kxh4 Rh8+ 99. Kg3 Rg8+ 100. Kf3 Rg1 101. h4 Ke7 102. Ke4 Ke6 103. d5+ Kd6 104. Rf6+ Ke7 105. Re6+ Kd7 106. h5 Rg4+ 107. Kf5 Rd4 108. Ke5 Rd1 109. h6 Rh1 110. Ra6 Rh5+ 111. Kf4 Kc7 112. Kg4 Rh1 113. Kg5 Kb7 114. Re6 Kc7 115. Kg6 Rg1+ 116. Kf7 Rh1 117. Kg7 1-0

[Event "*** Titled Tuesday 3|2 Blitz"]
[Site "Chess.com"]
[Date "2016.05.03"]
[Round "3"]
[White "evgenyermolaev"]
[Black "Zhani-Z"]
[Result "1/2-1/2"]
[WhiteElo "2275"]
[BlackElo "2153"]
[TimeControl "180+2"]
[EndTime "11:39:26 PDT"]
[Termination "Game drawn by agreement"]

1. e4 e5 2. Nf3 Nc6 3. Bb5 a6 4.
Ba4 Nf6 5. O-O Be7 6. Bxc6 dxc6 7.
d3 Nd7 8. Nbd2 O-O 9. Nc4 f6 10.
Nh4 Nc5 11. Nf5 Re8 12. Qg4 Bxf5 13. exf5 Qd7 14. Be3 g6 15. f4 e4 16. b4 Na4 17.
dxe4 Bxb4 18. Qg3 Rxe4 19. Rad1 Qxf5 20. Rd4 Rae8 21. Bf2 Rxd4 22. Bxd4 Qd5 23. Qd3 Nc5 24. Bxc5 Bxc5+ 25. Kh1 Qxd3 26. cxd3 f5 27. Rb1 b6 28. Ne5 Bd6 29. Nxc6 Bxf4 30. g3 Bd6 31. Nd4 Re3 32. Rb3 Bc5 33. Nc6 Re2 34. d4 Bd6 35. a4 a5 36. Rd3 Kf7 37. d5 Ra2 38. Rd4 Kf6 39.
Nd8 Bc5 40. Rc4 Rd2 41. Nb7 Rxd5 42. Kg2 Rd4 43. Rc2 Rxa4 44. Nxc5 bxc5 45. Rxc5 Ra2+ 46. Kg1 a4 47. Rxc7 h5 48. h4 f4 49. gxf4 Kf5 50. Rc6 a3 51. Ra6 Ra1+ 52. Kg2 a2 53. Ra4 Kg4 54. f5+ Kxf5 55. Ra5+ Ke4 56. Ra4+ Kf5 57. Ra5+ Kf6 58. Ra6+ Kf7 59. Ra7+ Kf6 60. Ra6+ Kg7 61. Ra7+ Kh6 62. Kh2 Re1 63. Rxa2 Kg7 64. Ra7+ Kf6 65. Ra6+ Kf5 66. Kg3 Re3+ 67. Kf2 Rb3 68. Kg2 Rb4 69. Kg3 Rb3+ 70. Kg2 Re3 71. Kh2 Re6 72. Ra4 Re4 73. Ra6 Rxh4+ 74. Kg3 Re4 75. Ra5+ Re5 76. Ra4 Re3+ 77.
Kf2 Re4 78. Ra5+ Kf4 79. Kg2 g5 80. Ra8 h4 81. Kh3 Re3+ 82. Kh2 Kf3 83. Rf8+ Kg4 84. Kg2 Re2+ 85. Kh1 Kg3 86. Rf1 g4 87. Rg1+ Kf3 88. Rf1+ Rf2 89. Ra1 g3 90. Ra3+ Kg4 91. Ra4+ Rf4 92.
Ra8 h3 93. Ra1 Kf3 94. Ra3+ Ke2 95. Rxg3 Rf3 96. Rxf3 Kxf3 97. Kh2 Kg4 1/2-1/2

[Event "*** Titled Tuesday 3|2 Blitz"]
[Site "Chess.com"]
[Date "2016.05.03"]
[Round "3"]
[White "yurisolo"]
[Black "ArnaudovP"]
[Result "1/2-1/2"]
[WhiteElo "2531"]
[BlackElo "2417"]
[TimeControl "180+2"]
[EndTime "11:40:54 PDT"]
[Termination "Game drawn by repetition"]

1. e4 e5 2. Nf3 Nc6 3. Bb5 Bb4 4. O-O Nge7 5. c3 Ba5 6. d4 exd4 7. cxd4 d5 8. exd5 Qxd5 9. Be2 O-O 10. Nc3 Qd8 11. d5 Nb4 12. Bc4 c6 13. d6 Nf5 14. a3 Nd5 15. Nxd5 cxd5 16. Bxd5 Nxd6 17. Bg5 Qd7 18. Ne5 Qf5 19. Be7 Bc7 20. Bxd6 Bxd6 21. Nxf7 Be6 22. Bxe6 Qxe6 23. Nxd6 Rad8 24. Qa4 Rxd6 25. Qxa7 Rd2 26. Qxb7 Qf6 27. Qb3+ Kh8 28. Qe3 Rxb2 29. a4 Qa6 30. Qa3 Qf6 31. Qe3 Qa6 32. a5 Rb5 33. Qe2 Ra8 34.
Rfe1 h6 35. g3 Rxa5 36. Rxa5 Qxa5 37. Rd1 Rf8 38. h4 Qf5 39. Rd3 Qf6 40. Kg2 Qc6+ 41.
Kh2 Qf6 42. Rd2 Qf5 43. Rb2 Qf6 44. Qd2 Qf5 45. Kg1 Qf6 46. Rb4 Qa1+ 47. Kg2 Qa8+ 48. Kh2 Qf3 49. Kg1 Qa8 50. Rd4 Qa1+ 51. Kh2 Qa8 52.
Rf4 Rxf4 53. Qxf4 Qd5 54. Qg4 Qd2 55. Qf5 Qe2 56. Kg2 Qd2 57. h5 Qb2 58. g4 Qd2 59. Kg3 Qc3+ 60. f3 Qe1+ 61. Kf4 Qd2+ 62. Ke4 Qc2+ 63. Ke3 Qc1+ 64. Ke2 Qb2+ 65. Kf1 Qc1+ 66. Kf2 Qd2+ 67. Kg3 Qe1+ 68. Kf4 Qd2+ 69. Ke5 Qc3+ 70. Kd6 Qa3+ 71. Ke6 Qa6+ 72. Kf7 Qb7+ 73. Ke8 Qb8+ 74. Ke7 Qb7+ 75. Kd6 Qb6+ 76. Kd7 Qb7+ 77. Kd8 Qa8+ 78. Kc7 Qa7+ 79. Kc6 Qa6+ 80. Kc5 Qa5+ 81. Kc4 Qa4+ 82. Kc3 Qa3+ 83. Kc2 Qa2+ 84. Kd3 Qb3+ 85. Kd4 Qb4+ 86.
Ke5 Qc5+ 87. Kf4 Qc1+ 88. Ke5 Qc5+ 89. Ke6 Qc6+ 90. Ke7 Qb7+ 91. Qd7 Qxf3 92. Qe8+ Kh7 93. Qg6+ Kh8 94. Qe6 Qf2 95. Qe5 Qf3 96. g5 Qb7+ 97.
Kf8 Qc8+ 98. Kf7 Qd7+ 99. Kg6 Qc6+ 100. Kf5 Qc2+ 101. Kg4 Qd1+ 102. Kh4 Qh1+ 103. Kg4 Qg2+ 104. Kh4 Qf2+ 105. Kg4 Qg2+ 106. Kh4 Qh1+ 107. Kg4 Qg2+ 108. Kh4 Qf2+ 109. Kg4 hxg5 110. Qe8+ Kh7 111. Qg6+ Kh8 112. Qe8+ Kh7 113. Qg6+ Kh8 114. Qe8+ 1/2-1/2

[Event "*** Titled Tuesday 3|2 Blitz"]
[Site "Chess.com"]
[Date "2016.05.03"]
[Round "4"]
[White "severomorskij"]
[Black "GMG"]
[Result "1-0"]
[WhiteElo "2599"]
[BlackElo "2438"]
[TimeControl "180+2"]
[EndTime "11:44:35 PDT"]
[Termination "severomorskij won by resignation"]

1. d4 d5 2. c4 e6 3. Nc3 Bb4 4. cxd5 exd5 5. Bf4 Nf6 6. e3 O-O 7. Bd3 c5 8. Ne2 Nc6 9. O-O cxd4 10. exd4 Bg4 11. Qb3 Bxc3 12. bxc3 Na5 13. Qc2 Bxe2 14. Qxe2 Re8 15. Qf3 Rc8 16. Bg5 h6 17. Bxf6 Qxf6 18. Qxd5 Rxc3 19. Qxa5 Rxd3 20. Qb5 1-0

[Event "*** Titled Tuesday 3|2 Blitz"]
[Site "Chess.com"]
[Date "2016.05.03"]
[Round "4"]
[White "Yaacovn"]
[Black "pKiLz5Rn9b"]
[Result "1-0"]
[WhiteElo "2558"]
[BlackElo "2388"]
[TimeControl "180+2"]
[EndTime "11:45:10 PDT"]
[Termination "Yaacovn won by resignation"]

1. d4 e6 2. Nf3 Nf6 3. c4 b6 4. g3 Bb7 5. Bg2 Be7 6. O-O d5 7. Nc3 O-O 8. Ne5 Na6 9. Bg5 Ne4 10. Bxe7 Qxe7 11. cxd5 exd5 12. Rc1 c5 13. e3 Rfd8 14. Re1 Nc7 15. Qc2 Nxc3 16. Qxc3 Ne6 17. Red1 Rac8 18. Qa3 Qc7 19. b3 Qb8 20. Bh3 cxd4 21. Bxe6 Rxc1 22. Rxc1 Qxe5 23. Qe7 Rf8 24. Bxf7+ 1-0

[Event "*** Titled Tuesday 3|2 Blitz"]
[Site "Chess.com"]
[Date "2016.05.03"]
[Round "4"]
[White "SabinaFoisor"]
[Black "Fariasov-inactive"]
[Result "1-0"]
[WhiteElo "2211"]
[BlackElo "2178"]
[TimeControl "180+2"]
[EndTime "11:45:16 PDT"]
[Termination "SabinaFoisor won by resignation"]

1. d4 c5 2. d5 d6 3. e4 g6 4. Nc3 Bg7 5. Nf3 Bg4 6. Be2 Bxf3 7.
Bxf3 Nf6 8. O-O O-O 9. Be2 a6 10. a4 b6 11. h3 e6 12. Bg5 h6 13. Bh4 Nbd7 14. dxe6 fxe6 15. Qxd6 Qe8 16. Rad1 Rd8 17. e5 g5 18. exf6 Nxf6 19. Qxd8 Qxd8 20. Rxd8 Rxd8 21. Bg3 Rd2 22. Bd3 c4 23. Nb1 cxd3 24. Nxd2 dxc2 25. Rc1 Nd5 26. Rxc2 Nb4 27. Rc8+ Kh7 28. b3 Kg6 29. Nc4 b5 30. axb5 axb5 31. Nd6 h5 32. Nxb5 h4 33.
Bd6 Nd5 34. Nc7 Kf5 1-0

[Event "*** Titled Tuesday 3|2 Blitz"]
[Site "Chess.com"]
[Date "2016.05.03"]
[Round "4"]
[White "Inopov"]
[Black "Er_is_geen_hoop_meer"]
[Result "1-0"]
[WhiteElo "2434"]
[BlackElo "2335"]
[TimeControl "180+2"]
[EndTime "11:45:25 PDT"]
[Termination "Inopov won by resignation"]

1. d4 Nf6 2. c4 g6 3. Nc3 Bg7 4. e4 O-O 5. h3 d6 6. Be3 e5 7. d5 Nh5 8. Be2 Nf4 9. Bf3 c5 10. g3 Nh5 11. Bxh5 gxh5 12. Qxh5 f5 13. Nf3 fxe4 14. Ng5 Bf5 15. O-O-O a6 16. Ncxe4 b5 17.
Ne6 Bxe6 18. dxe6 Nc6 19. Rxd6 Qa5 20. Ng5 h6 21. Qg6 Rf6 22. Qh7+ Kf8 23. e7+ Nxe7 24.
Rxf6+ Ke8 25. Qxg7 Qxa2 26. Rf8+ Kd7 27. Rd1+ Kc6 28.
Rf6+ 1-0

[Event "*** Titled Tuesday 3|2 Blitz"]
[Site "Chess.com"]
[Date "2016.05.03"]
[Round "4"]
[White "Izoria123"]
[Black "YuriyKrykun"]
[Result "1-0"]
[WhiteElo "2610"]
[BlackElo "2293"]
[TimeControl "180+2"]
[EndTime "11:45:58 PDT"]
[Termination "Izoria123 won by resignation"]

1. e4 c5 2. Nf3 Nc6 3. Nc3 Nf6 4. Bb5 Nd4 5. e5 Nxb5 6. Nxb5 Nd5 7. Ng5 h6 8. Nxf7 Kxf7 9. Qf3+ Nf6 10. exf6 exf6 11. Qd5+ Kg6 12. O-O a6 13. Nc3 d6 14. d4 cxd4 15.
Qxd4 Kh7 16. Nd5 Bf5 17. Re1 Bg6 18. Bd2 Rc8 19. c4 b5 20. cxb5 axb5 21. Rac1 Rxc1 22. Rxc1 Qd7 23. Rc7 Qf5 24. Nxf6+ 1-0